 Dungeon Crawl Stone Soup version 0.20-a0-941-gba1b1f9 (webtiles) character file.

483 galech the Ruffian (level 6, -4/62 HPs)
             Began as a Troll Monk on Mar 31, 2017.
             Was a Believer of Cheibriados.
             Slain by an iguana (14 damage)
             ... on level 5 of the Dungeon.
             The game lasted 00:05:32 (2813 turns).

galech the Ruffian (Troll Monk)                     Turns: 2813, Time: 00:05:32

Health: -4/62      AC:  5    Str: 27    XL:     6   Next: 87%
Magic:  5/5        EV: 12    Int: 14    God:    Cheibriados [**....]
Gold:   148        SH:  0    Dex: 17    Spells: 5/5 levels left

rFire    . . .     SeeInvis .     - Unarmed
rCold    . . .     Gourm    +   (no shield)
rNeg     . . .     Faith    .   a - +0 robe
rPois    .         Spirit   .   (helmet restricted)
rElec    .         Reflect  .   (no cloak)
rCorr    .         Harm     .   (gloves unavailable)
MR       .....                  (boots unavailable)
Stlth    ++........             (no amulet)
Regen    0.6/turn               j - +3 ring of intelligence
MPRegen  0.1/turn               (no ring)

@: very slow
A: unfitting armour, claws 3, fast metabolism 3, gourmand, regeneration 1,
shaggy fur 1, tough skin 2
a: Bend Time, Renounce Religion


You were on level 5 of the Dungeon.
You worshipped Cheibriados.
Cheibriados was pleased with you.
You were completely stuffed.

You visited 2 branches of the dungeon, and saw 6 of its levels.

You collected 148 gold pieces.

Inventory:

Armour
 a - a +0 robe (worn)
Jewellery
 j - a +3 ring of intelligence (left claw)
 p - a +3 ring of intelligence
Wands
 u - a wand of lightning (11/15)
Scrolls
 e - 2 scrolls of enchant armour {unknown}
 i - 2 scrolls of fear
 k - 2 scrolls of enchant weapon
 l - a scroll of fog {unknown}
 o - a scroll of amnesia {unknown}
 r - a scroll of noise
Potions
 c - 3 potions of heal wounds {unknown}
 d - 3 potions of flight {unknown}
 f - a potion of agility {unknown}
 h - 3 potions of mutation {unknown}
 m - 2 potions of curing
 n - 4 potions of brilliance {unknown}
 s - a potion of lignification
 w - a potion of ambrosia {unknown}
Comestibles
 b - 5 bread rations
 g - 3 royal jellies
 q - 2 meat rations


   Skills:
 + Level 3.6 Fighting
 + Level 4.3 Dodging
 + Level 3.0 Stealth
 + Level 4.6 Unarmed Combat


You had 5 spell levels left.
You didn't know any spells.

Dungeon Overview and Level Annotations

Branches:
Dungeon (5/15)             Temple (1/1) D:4

Altars:
Ashenzari
Cheibriados
Elyvilon
Gozag
Hepliaklqana
Kikubaaqudgha
Nemelex Xobeh
Qazlal
Ru
Trog
Uskayaw
Xom
The Shining One


Innate Abilities, Weirdness & Mutations

You are too large for most types of armour.
You have claws for hands.
Your metabolism is lightning-fast.
You like to eat raw meat.
Your natural rate of healing is unusually fast.
You are covered in fur. (AC +1)
You have very tough skin. (AC +2)


Message History

You are too injured to fight recklessly!
You are too injured to fight recklessly!
You are too injured to fight recklessly!
You are too injured to fight recklessly!
You are too injured to fight recklessly!
You are too injured to fight recklessly!
You are too injured to fight recklessly!
You are too injured to fight recklessly!
You closely miss the centaur.
The centaur is heavily wounded.
The iguana closely misses you. The centaur hits you!
You scratch the centaur.
The centaur is severely wounded.
The centaur hits you. The iguana bites you!
* * * LOW HITPOINT WARNING * * *
The centaur closely misses you.
You scratch the centaur but do no damage.
The centaur is severely wounded.
The iguana bites you!
You die...

###.# ### ..#.. ...
#.#.# #.# #.#.# #.##
#.#.# #.. #.#.# #.#
######.#.#######c####.##
..?......((.....@.......
#.####.#########l#....#.
#.####.# ..# ####
#......# ##.# #......#.#
..# #......#.# .##
#......#.# . #......#.#
.[ #........#


You could see a centaur and an iguana.

Vanquished Creatures
  An ogre (D:4)
  A centaur (D:5)
  A crimson imp (D:5)
  A jelly (D:5)
  Crazy Yiuf (D:3)
  2 orc priests (D:4)
  A howler monkey zombie (D:4)
  4 gnolls (D:5)
  2 adders (D:3)
  2 oozes
  3 dart slugs
  A leopard gecko (D:1)
  14 orcs
  6 bats
  2 giant cockroaches
  4 goblins
  9 hobgoblins
  5 jackals
  2 kobolds (D:3)
  5 quokkas
  8 frilled lizards
  A leopard gecko skeleton (D:4)
  3 rats
79 creatures vanquished.

Notes
Turn   | Place    | Note
-------+----------+-------------------------------------------
     0 | D:1      | galech the Troll Monk began the quest for the Orb.
     0 | D:1      | Reached XP level 1. HP: 23/23 MP: 0/0
   246 | D:1      | Reached XP level 2. HP: 25/31 MP: 1/1
   834 | D:2      | Found a faded altar of an unknown god.
   857 | D:2      | Reached XP level 3. HP: 37/37 MP: 2/2
  1025 | D:2      | Found a glowing golden altar of the Shining One.
  1365 | D:3      | Reached skill level 1 in Unarmed Combat
  1416 | D:3      | Found a sparkling altar of Nemelex Xobeh.
  1491 | D:3      | Reached XP level 4. HP: 39/45 MP: 3/3
  1808 | D:3      | Found a runed door.
  1880 | D:3      | Noticed Crazy Yiuf
  1888 | D:3      | Killed Crazy Yiuf
  1947 | D:4      | Found a staircase to the Ecumenical Temple.
  1952 | D:4      | Reached XP level 5. HP: 53/53 MP: 4/4
  1955 | Temple   | Entered the Ecumenical Temple
  2035 | Temple   | Became a worshipper of Cheibriados the Contemplative
  2035 | Temple   | Reached * piety under Cheibriados
  2035 | Temple   | Reached ** piety under Cheibriados
  2189 | D:4      | Noticed an ogre
  2198 | D:4      | Killed an ogre
  2225 | D:4      | Reached XP level 6. HP: 55/61 MP: 5/5
  2518 | D:5      | Entered Level 5 of the Dungeon
  2813 | D:5      | Slain by an iguana

Vault maps used:
D:1:      tarquinn_simple_flora_water_a
D:2:      minmay_diamond_boxcup, nicolae_tso_carved_into_rock,
          chequers_ecumenical_altar_simple, minmay_misc_feat_nine_boxes
D:3:      first_bread, nemelex_xobeh_ov_fountains_minmay,
          uniq_crazy_yiuf_cottage
D:4:      minmay_temple_entry_statues
D:5:      serial_shops, shop, nicolae_shop_trees, nicolae_shop_crystal, shop,
          shop, minivault_27, kennysheep_generic_room_15
Temple:   regret_index_temple_mists

Skill      XL: |  1  2  3  4  5  6 |
---------------+-------------------+-----
Unarmed Combat | 1 2 3 4 |  4.6
Dodging        | 4 |  4.3
Stealth        | 3 |  3.0
Fighting       | |  3.6

Action                   |  1- 3 |  4- 6 || total
-------------------------+-------+-------++-------
Melee: Unarmed           |   141 |    94 ||   235
       Punch             |       |     1 ||     1
  Use: Scroll            |     3 |     4 ||     7
 Stab: Sleeping          |     6 |     4 ||    10
  Eat: Chunk             |    19 |    10 ||    29
Armor: Robe              |    58 |    13 ||    71
Dodge: Dodged            |    95 |    53 ||   148
